 Dungeon Crawl Stone Soup version 0.26-a0-682-g294304f6e8 (webtiles) character file.

Game seed: 5270382444609417352

75 Kinoniko the Cudgeler (level 4, 19/38 HPs)
             Began as a Draconian Berserker on Oct 20, 2020.
             Was a Follower of Trog.
             Quit the game on level 2 of the Dungeon.
             The game lasted 00:01:24 (1353 turns).

Kinoniko the Cudgeler (Draconian Berserker)         Turns: 1353, Time: 00:01:25

Health: 19/38      AC:  5    Str: 20    XL:     4   Next: 11%
Magic:  4/4        EV: 13    Int:  7    God:    Trog [*.....]
Gold:   86         SH:  0    Dex: 11    Spells: 3/3 levels left

rFire    . . .     SeeInvis .   a - +0 mace
rCold    . . .     Faith    .   (no shield)
rNeg     . . .     Spirit   .   (armour unavailable)
rPois    .         Reflect  .   (helmet restricted)
rElec    .         Harm     .   (no cloak)
rCorr    .         Rampage  .   (no gloves)
MR       .....                  (no boots)
Stlth    +.........             (no amulet)
HPRegen  0.12/turn              (no ring)
MPRegen  0.09/turn              (no ring)

@: no status effects
A: unfitting armour, cold-blooded, AC +5
a: Berserk, Renounce Religion


You were on level 2 of the Dungeon.
You worshipped Trog.
Trog was aware of your devotion.
You visited 1 branch of the dungeon, and saw 2 of its levels.

You collected 86 gold pieces.

Inventory:

Hand Weapons
 a - a +0 mace (weapon)
Scrolls
 d - 2 scrolls of fear {unknown}
 e - a scroll of identify {unknown}
 g - 3 scrolls of remove curse {unknown}
 i - 2 scrolls of noise {unknown}
Potions
 b - 2 potions of brilliance {unknown}
 c - 2 potions of curing {unknown}
 f - a potion of degeneration {unknown}
 h - a potion of heal wounds {unknown}
 j - a potion of berserk rage {unknown}


   Skills:
 - Level 3.4 Fighting
 * Level 4.8 Maces & Flails
 - Level 2.8 Dodging


You had 3 spell levels left.
You didn't know any spells.
Your spell library was empty.

Dungeon Overview and Level Annotations

Branches:
Dungeon (2/15)

Altars:


Innate Abilities, Weirdness & Mutations

Your plain brown scales are hard. (AC +5)
You cannot fit into any form of body armour.
You are cold-blooded and may be slowed by cold attacks.


Message History

A bat is nearby!
You are too injured to fight recklessly!
You are too injured to fight recklessly!
You are too injured to fight recklessly!
You are too injured to fight recklessly!
You are too injured to fight recklessly!
You see here an adder corpse.
A frilled lizard comes into view.
The frilled lizard hisses angrily.
An adder comes into view.
An adder comes into view.
The adder hisses angrily. x2
The bat misses you.
You are too injured to fight recklessly!
You are too injured to fight recklessly!
You are too injured to fight recklessly!
You are too injured to fight recklessly!
You are too injured to fight recklessly!
You are too injured to fight recklessly!
Are you sure you want to abandon this character and quit the game? (Confirm with "yes".)

#### ...# ###.#.#
##...#.# #..†...#
#.#....# ####.#@b..#
#####....#........
#...<.####....##.. .
#.##### #....# .
..#####.########....l#
...................#SS.
..##.#..#########..#....
#...####### ... ...
##.........


You could see 2 adders, a bat and a frilled lizard.

Vanquished Creatures
  6 adders (D:2)
  A worm (D:2)
  A leopard gecko (D:1)
  A bat (D:1)
  2 giant cockroaches (D:1)
  2 hobgoblins (D:1)
  2 kobolds
  2 frilled lizards
  5 rats (D:1)
22 creatures vanquished.

Notes
Turn   | Place    | Note
-------+----------+-------------------------------------------
     0 | D:1      | Kinoniko the Draconian Berserker began the quest for the
                  | Orb.
     0 | D:1      | Reached XP level 1. HP: 19/19 MP: 1/1
   360 | D:1      | Reached XP level 2. HP: 25/26 MP: 2/2
   829 | D:2      | Reached skill level 4 in Maces & Flails
   829 | D:2      | Reached XP level 3. HP: 31/31 MP: 3/3
  1293 | D:2      | Reached XP level 4. HP: 21/38 MP: 4/4
  1353 | D:2      | Quit the game

Illustrated notes

Levels and vault maps discovered:
D:1:      wander_arrival_peaceful_grave, layout_basic, nrook_mini_vaults
D:2:      layout_rooms

Skill      XL: |  1  2 |
---------------+-------+-----
Maces & Flails | 4 |  4.8
Fighting       | |  3.4
Dodging        | |  2.8

Action                   |  1- 3 |  4- 6 || total
-------------------------+-------+-------++-------
Melee: Mace              |    95 |       ||    95
       Tailslap          |     8 |       ||     8
Invok: Berserk           |     3 |       ||     3
 Stab: Sleeping          |     1 |       ||     1
Armor: Skin              |    27 |       ||    27
Dodge: Dodged            |    65 |     1 ||    66

Table legend: (Time is in decaauts)
 A = Elapsed time spent in this place.
 B = Non-inter-level travel time spent in this place.
 C = Inter-level travel time spent in this place.
 D = Time resting spent in this place.
 E = Time spent auto-exploring this place.
 F = Levels seen in this place.
 G = Mean time per level.
                   A        B        C        D        E       F      G
               +--------+--------+--------+--------+--------+-----+--------+
         Total |   1401 |   1392 |      9 |    455 |    757 |   2 |  700.5 |
       Dungeon |   1401 |   1392 |      9 |    455 |    757 |   2 |  700.5 |
               +--------+--------+--------+--------+--------+-----+--------+

Top non-repeatable levels by time:
     D:1: 831 daAuts
     D:2: 570 daAuts
